 Dungeon Crawl Stone Soup version 0.22-a0-448-g1fb7470 (webtiles) character file.

66 xccam the Ruffian (level 3, -2/28 HPs)
             Began as a Draconian Transmuter on June 4, 2018.
             Slain by Natasha (10 damage)
             ... on level 2 of the Dungeon.
             The game lasted 00:04:41 (1453 turns).

xccam the Ruffian (Draconian Transmuter)            Turns: 1453, Time: 00:04:41

Health: -2/28      AC:  6    Str: 12    XL:     3   Next: 96%
Magic:  6/6        EV: 12    Int: 14    God:
Gold:   57         SH:  0    Dex: 11    Spells: 4/7 levels left

rFire    . . .     SeeInvis +     - Unarmed
rCold    . . .     Gourm    .   (no shield)
rNeg     . . .     Faith    .   (armour unavailable)
rPois    .         Spirit   .   (helmet restricted)
rElec    .         Reflect  .   g - +0 cloak
rCorr    .         Harm     .   (no gloves)
MR       .....                  (no boots)
Stlth    +.........             (no amulet)
HPRegen  0.09/turn              f - ring of see invisible
MPRegen  0.10/turn              (no ring)

@: appendage
A: unfitting armour, horns 2, cold-blooded, AC +5
a: End Transformation


You were on level 2 of the Dungeon.
You were not hungry.
You had grown temporary horns.
You visited 1 branch of the dungeon, and saw 2 of its levels.

You collected 57 gold pieces.

Inventory:

Missiles
 a - 34 arrows
Armour
 g - a +0 cloak (worn)
Jewellery
 f - a ring of see invisible (left hand)
Scrolls
 b - 2 scrolls of identify {unknown}
 d - a scroll of amnesia {unknown}
 e - a scroll of remove curse {unknown}
 j - a scroll of teleportation {unknown}
Potions
 h - a potion of curing {unknown}
 i - a potion of heal wounds {unknown}
Comestibles
 c - 2 rations


   Skills:
 - Level 1.1 Fighting
 - Level 1.7 Dodging
 + Level 3.5 Unarmed Combat
 + Level 2.5 Spellcasting
 * Level 3.3 Transmutations


You had 4 spell levels left.
You knew the following spells:

 Your Spells              Type           Power        Failure   Level  Hunger
a - Beastly Appendage     Tmut           ##....       5%          1    #......
b - Sticks to Snakes      Tmut           ##......     9%          2    ###....

Your spell library contained the following spells:

 Spells                   Type           Power        Failure   Level  Hunger
 Spider Form              Tmut/Pois      #.........   32%         3    ###....
 Blade Hands              Tmut           ##........   83%         5    ######.
 Ice Form                 Ice/Tmut       #.......     73%         4    #####..


Dungeon Overview and Level Annotations

Branches:
Dungeon (2/15)

Altars:

Annotations:
D:2 Natasha


Innate Abilities, Weirdness & Mutations

Your plain brown scales are hard. (AC +5)
You cannot fit into any form of body armour.
You are cold-blooded and may be slowed by cold attacks.
You have a pair of horns on your head.


Message History

The quokka bites you but does no damage.
Natasha barely misses you. The quokka closely misses you.
You closely miss Natasha.
Natasha is lightly wounded.
The quokka completely misses you.
You hit Natasha. Your headbutt misses Natasha. You tail-slap Natasha.
Natasha is heavily wounded.
Natasha wildly gestures.
You feel disoriented. Natasha closely misses you. The white imp hits you.
The white imp freezes you.
The quokka bites you but does no damage.
You hit Natasha. Your headbutt misses Natasha.
You tail-slap Natasha, but do no damage.
Natasha is severely wounded.
Natasha claws you!
* * * LOW HITPOINT WARNING * * *
The white imp hits you but does no damage.
The quokka closely misses you. Natasha claws you!
You die...

### #####+##)# #
........#
#####.#.#......#
#..##......#
##.##......#
#..#......#
##.#......#
#.#.......
#@#)....#
#h5.....#
##......#
#.####.# #.# #..
##. .. #.


You could see Natasha and a white imp.

Vanquished Creatures
  An adder (D:2)
  An ooze (D:1)
  2 worms (D:2)
  2 dart slugs (D:1)
  A leopard gecko (D:1)
  7 bats
  A giant cockroach (D:1)
  6 goblins
  7 hobgoblins
  5 jackals (D:1)
  2 frilled lizards
  A kobold (D:1)
  4 rats
40 creatures vanquished.

Notes
Turn   | Place    | Note
-------+----------+-------------------------------------------
     0 | D:1      | xccam the Draconian Transmuter began the quest for the Orb.
     0 | D:1      | Reached XP level 1. HP: 16/16 MP: 3/3
    55 | D:1      | Reached XP level 2. HP: 8/23 MP: 3/5
   783 | D:1      | Reached XP level 3. HP: 23/28 MP: 6/6
   794 | D:1      | Learned a level 2 spell: Sticks to Snakes
  1441 | D:2      | Noticed Natasha
  1453 | D:2      | Slain by Natasha

Vault maps used:
D:1:      denvon_arrival_planthouse, minmay_misc_feat_more_columns,
          serial_park_tiny_pond
D:2:      serial_curves, eino_curves_01, eino_curves_04, uniq_natasha,
          uniq_robin

Skill      XL: |  1  2  3 |
---------------+----------+-----
Transmutations | 3 |  3.3
Fighting       | |  1.1
Dodging        | |  1.7
Unarmed Combat | |  3.5
Spellcasting   | |  2.5

Action                   || total
-------------------------++-------
Melee: Unarmed           ||   171
       Tailslap          ||    12
       Headbutt          ||     3
       Kick              ||     3
 Cast: Beastly Appendage ||     5
  Eat: Chunk             ||     2
Armor: Skin              ||    59
Dodge: Dodged            ||   138

Table legend:
 A = Spawn XP
 B = Non-spawn XP
 C = Spawn XP percentage of total XP
 D = Spawn monster count
 E = Non-spawn monster count
 F = Spawn count percentage of total count
 G = Total turns spent on level
                    A         B        C        D         E        F      G
               +---------+---------+-------+---------+---------+-------+---------
         Total |       0 |      95 |   0.0 |       0 |      40 |   0.0 |  1453
               +---------+---------+-------+---------+---------+-------+---------
           D:1 |       0 |      62 |   0.0 |       0 |      30 |   0.0 |  1318
           D:2 |       0 |      33 |   0.0 |       0 |      10 |   0.0 |   135
               +---------+---------+-------+---------+---------+-------+---------
